 Dungeon Crawl Stone Soup version 0.32-a0-40-g2adb59a (webtiles) character file.

Game seed: 14047507429045995906

16921 Dorkslayer the Grappler (level 12, -17/83 HPs)
             Began as an Octopode Shapeshifter on Jan 21, 2024.
             Was a High Priest of Dithmenos.
             Killed from afar by an efreet (30 damage)
             ... with a fireball
             ... in a volcano on Jan 24, 2024.
             The game lasted 00:34:39 (10330 turns).

Dorkslayer the Grappler (Octopode Shapeshifter)    Turns: 10330, Time: 00:34:40

Health: -17/83     AC:  5    Str: 22    XL:     12   Next: 42%
Magic:  12/12      EV: 20    Int: 19    God:    Dithmenos [*****.]
Gold:   453        SH: 12    Dex: 11    Spells: 11/11 levels left

rFire   . .          .
                       - Unarmed
rCold   . . .        w - +2 buckler of Kikubaaqudgha's Regard {rPois Will- Str+4}
rNeg    + . .        (helmet currently unavailable)
rPois   +            g - amulet of reflection
rElec   .            o - +4 ring of protection
rCorr   .            s - +6 ring of intelligence
SInv    .            u - +5 ring of evasion
Will    .....        C - ring of willpower
Stlth   ++++++++     G - ring of positive energy
HPRegen 0.33/turn    (no ring)
MPRegen 0.13/turn    (no ring)
                     (no ring)

%: reflection
@: beast-form, hasted, wreathed by umbra, very quick
A: beast (slay +4), almost no armour, amphibious, 8 rings, camouflage 1,
gelatinous body 1, (nimble swimmer 1), tentacles
a: Begin Untransformation, Renounce Religion, Shadow Step, Shadow Form


You were in a volcano.
You worshipped Dithmenos.
Dithmenos was extremely pleased with you.
You were a hulking beast.
You visited 2 branches of the dungeon, and saw 13 of its levels.
You also visited: Sewer and Volcano.

You collected 841 gold pieces.
You spent 388 gold pieces at shops.

Inventory:

Hand Weapons
 d - a +5 spear of flaming
 h - a +0 heavy hand axe
 l - a +0 flail of holy wrath
 v - a +1 heavy flail
Missiles
 e - 4 boomerangs (quivered)
 y - 2 atropa-tipped darts
 P - 5 javelins
Armour
 w - the +2 buckler of Kikubaaqudgha's Regard (worn) {rPois Will- Str+4}
   (You bought it in a shop on level 7 of the Dungeon)

   Str+4:     It affects your strength (+4).
   rPois:     It protects you from poison Will-: It decreases your willpower.
 Q - a +0 kite shield
Jewellery
 g - an amulet of reflection (around mantle)
 o - a +4 ring of protection (left tentacle)
 s - a +6 ring of intelligence (right tentacle)
 u - a +5 ring of evasion (on tentacle)
 C - a ring of willpower (on tentacle)
 F - the amulet of Elemental Vulnerability {rPois rF-- rC-- AC+8}
   (You found it on level 6 of the Dungeon)

   [amulet of nothing]

   AC+8:      It affects your AC (+8).
   rF--:      It makes you very vulnerable to fire.
   rC--:      It makes you very vulnerable to cold.
   rPois:     It protects you from poison
 G - a ring of positive energy (on tentacle)
Talismans
 b - a beast talisman
 c - a flux talisman
 i - a storm talisman
Wands
 q - a wand of flame (13)
 L - a wand of mindburst (1)
 N - a wand of polymorph (8)
Scrolls
 f - 2 scrolls of blinking
 n - 5 scrolls of teleportation
 p - a scroll of poison
 r - 3 scrolls of amnesia
 B - a scroll of fog
 D - 2 scrolls of fear
 J - a scroll of vulnerability
 M - a scroll of torment {unknown}
Potions
 a - a potion of lignification
 k - 2 potions of mutation
 x - a potion of magic
 A - a potion of cancellation
 E - 3 potions of enlightenment
 K - a potion of brilliance {unknown}
 O - a potion of ambrosia {unknown}


   Skills:
 * Level 8.2 Fighting
 + Level 3.0 Throwing
 + Level 8.2 Dodging
 + Level 9.5 Stealth
 + Level 5.6 Shields
 + Level 10.9 Unarmed Combat
 + Level 4.3 Evocations
 * Level 8.7 Shapeshifting


You had 11 spell levels left.
You didn't know any spells.
Your spell library contained the following spells:

 Spells                   Type           Power      Damage    Failure   Level
 Magic Dart               Conj           0%         1d3       24%         1
 Blink                    Tloc           0%         N/A       36%         2
 Call Imp                 Summ           0%         N/A       36%         2
 Jinxbite                 Hex            0%         N/A       36%         2
 Lesser Beckoning         Tloc           0%         N/A       36%         2
 Momentum Strike          Conj/Tloc      0%         3d8       36%         2
 Stone Arrow              Conj/Erth      0%         3d7       58%         3
 Summon Blazeheart Golem  Fire/Summ      0%         N/A       94%         4
 Alistair's Intoxication  Alch           0%         N/A       100%        5
 Borgnjor's Vile Clutch   Necr/Erth      0%         N/A       100%        5
 Summon Forest            Summ/Tloc      0%         N/A       100%        5
 Summon Mana Viper        Hex/Summ       0%         N/A       100%        5
 Yara's Violent Unravell  Hex/Alch       0%         3d3       100%        5
 Eringya's Noxious Bog    Alch           0%         4d6       100%        6
 Starburst                Conj/Fire      0%         6d3       100%        6
 Summon Cactus Giant      Summ           0%         N/A       100%        6
 Enfeeble                 Hex            0%         N/A       100%        7
 Summon Hydra             Summ           0%         N/A       100%        7
 Lehudib's Crystal Spear  Conj/Erth      0%         10d2      100%        8
 Animate Armour           Summ/Erth      Unusable   N/A       N/A         4

Dungeon Overview and Level Annotations

Branches:
Dungeon (11/15)            Temple (0/1) D:5            Lair (0/5) D:10
    Orc (2/2) D:10            Elf (0/3) Orc:2         Sewer (visited)
Volcano (1/1)

Altars:
Dithmenos
Makhleb
Okawaru
Sif Muna
Vehumet
Yredelemnul
The Shining One

Shops:
D:7 [   D:8 *   Orc:1 (   Orc:2 (?


Innate Abilities, Weirdness & Mutations

You are a hulking beast.
Your limbs bulge with bestial killing power. (Slay +4)
You cannot wear most types of armour.
You are amphibious.
You can wear up to eight rings at the same time.
Your skin changes colour to match your surroundings (Stealth+).
Your rubbery body absorbs attacks. (AC +1, EV +1)
((You are camouflaged when in or above water. (Stealth+)))
You have tentacles for arms and can constrict up to eight enemies at once.


Message History

The earth elemental completely resists.
The bolt of fire hits you!!
* * * LOW HITPOINT WARNING * * *
The earth elemental misses you.
You barely miss the earth elemental.
The earth elemental is almost destroyed.
You feel better.
You feel better. The efreet gestures at you.
The fireball explodes!
The fireball engulfs the earth elemental.
The earth elemental completely resists.
The fireball engulfs you!
* * * LOW HITPOINT WARNING * * *
The fireball engulfs the efreet.
The efreet completely resists.
The earth elemental completely misses you.
You feel better.
Okay, then.
You barely miss the earth elemental.
The earth elemental is almost destroyed.
You block the earth elemental's attack.
You tentacle-slap the earth elemental but do no damage.
You squeeze the earth elemental.
You destroy the earth elemental!
Dithmenos accepts your kill.
You tentacle-slap the efreet but do no damage.
The efreet is lightly wounded.
You bludgeon the efreet! You tentacle-slap the efreet.
The efreet is severely wounded.
You block the efreet's attack.
You barely miss the efreet. You squeeze the efreet!
The efreet is almost dead.
Your shadow hits the efreet but does no damage.
The efreet barely misses you.
You barely miss the efreet.
Your tentacle-slap misses the efreet.
The efreet is almost dead.
Your shadow hits the efreet but does no damage.
You tentacle-slap the efreet.
The efreet is almost dead.
The efreet gestures at you.
The fireball explodes!
The fireball engulfs you!!
You die...

#...#...≈≈
#8.8##....
##.## .#..
#.# # .
##'##
##...##
#.....#
#..∩..#
#..h..#
###R###
.°. .....
##8_8##
#...#
#####


You could see an efreet.

Vanquished Creatures
  2 orc sorcerers (Orc:2)
  A manticore (D:11)
  A gargoyle (Volcano)
  A kobold demonologist (D:11)
  Psyche (D:11)
  A troll (D:10)
  Grinder (D:4)
  A wraith (D:9)
  Sigmund (D:5)
  2 wyverns (D:8)
  19 yaks
  A steam dragon (D:7)
  5 fire bats
  2 vampire mosquitoes (D:11)
  Edmund (D:5)
  3 acid dragons (D:11)
  Duvessa (D:7)
  8 orc warriors
  An ice beast (D:7)
  3 sky beasts (D:8)
  A black bear (D:7)
  4 ogres
  A crocodile (Sewer)
  A centaur (D:9)
  A kobold brigand (D:9)
  5 phantoms
  3 bullfrogs
  2 earth elementals (Volcano)
  3 scorpions (D:5)
  2 gnoll sergeants
  14 wights
  Dowan (D:7)
  8 killer bees
  An electric eel (D:7)
  6 howler monkeys (D:9)
  A crimson imp (D:3)
  2 jellies (D:5)
  9 orc priests
  A bombardier beetle (D:3)
  3 hounds (D:4)
  2 gnoll boudas
  4 iguanas
  17 orc wizards
  19 gnolls
  12 adders
  A white imp (D:7)
  4 ufetubi
  5 ribbon worms
  A dart slug (D:2)
  47 orcs
  7 endoplasms
  2 giant cockroaches
  7 goblins
  4 hobgoblins
  15 jackals
  4 quokkas
  7 ball pythons
  6 bats
  5 frilled lizards
  11 kobolds
  7 rats
312 creatures vanquished.

Vanquished Creatures (collateral kills)
  A water moccasin (D:8)
  An orc warrior (D:7)
  2 orcs (D:7)
4 creatures vanquished.

Vanquished Creatures (others)
  A yak (D:10)
  A water moccasin (D:8)
  An orc priest (D:7)
  An orc wizard (Orc:2)
  A kobold (D:9)
5 creatures vanquished.

Grand Total: 321 creatures vanquished

Notes
Turn   | Place    | Note
-------+----------+-------------------------------------------
     0 | D:1      | Dorkslayer the Octopode Shapeshifter began the quest for
                  | the Orb.
     0 | D:1      | Reached XP level 1. HP: 13/13 MP: 1/1
    88 | D:1      | Reached XP level 2. HP: 16/18 MP: 2/2
   594 | D:1      | Found a faded altar of an unknown god.
   603 | D:1      | Reached XP level 3. HP: 22/23 MP: 3/3
   926 | D:2      | Identified the +3 leather armour of Spaghetti {rElec Str+3
                  | Dex+6 Stlth-}
   971 | D:2      | Reached skill level 4 in Unarmed Combat
  1226 | D:2      | Found a shadowy altar of Dithmenos.
  1242 | D:2      | Became a worshipper of Dithmenos the Shadowed
  1646 | D:2      | Reached skill level 1 in Stealth
  1646 | D:2      | Reached XP level 4. HP: 25/28 MP: 4/4
  1813 | D:3      | Reached XP level 5. HP: 33/33 MP: 5/5
  1819 | D:3      | Reached skill level 5 in Unarmed Combat
  1856 | D:3      | Got Sif Muna's Folio of the Hot Flock
  1886 | D:3      | Found a burning altar of Makhleb.
  1887 | D:3      | Found a radiant altar of Vehumet.
  2311 | D:3      | Reached * piety under Dithmenos
  2410 | D:3      | Upgraded the game from 0.32-a0-35-gd9ff480 to
                  | 0.32-a0-39-g5c88369
  2693 | D:4      | Reached XP level 6. HP: 37/38 MP: 6/6
  3009 | D:4      | Noticed Grinder
  3019 | D:4      | Paralysed by Grinder for 4 turns
  3027 | D:4      | Killed Grinder
  3028 | D:4      | Reached skill level 6 in Unarmed Combat
  3028 | D:4      | Reached skill level 1 in Evocations
  3028 | D:4      | Reached XP level 7. HP: 17/44 MP: 7/7
  3182 | D:4      | Reached ** piety under Dithmenos
  3767 | D:5      | Entered Level 5 of the Dungeon
  3777 | D:5      | Reached XP level 8. HP: 42/51 MP: 8/8
  3812 | D:5      | Found an iron altar of Okawaru.
  3821 | D:5      | Noticed Edmund
  3824 | D:5      | Noticed Sigmund
  3839 | D:5      | Killed Edmund
  3840 | D:5      | Reached skill level 7 in Unarmed Combat
  3854 | D:5      | Found a glowing drain.
  3861 | Sewer    | Entered a sewer
  4053 | D:5      | Killed Sigmund
  4054 | D:5      | Reached skill level 5 in Stealth
  4102 | D:5      | Found a staircase to the Ecumenical Temple.
  4236 | D:5      | Reached XP level 9. HP: 52/57 MP: 9/9
  4274 | D:5      | Reached skill level 1 in Throwing
  4274 | D:5      | Reached skill level 8 in Unarmed Combat
  4327 | D:5      | Reached skill level 5 in Shapeshifting
  4378 | D:5      | Reached *** piety under Dithmenos
  4479 | D:5      | Found a shimmering blue altar of Sif Muna.
  5411 | D:6      | Found the amulet of Elemental Vulnerability {rPois rF--
                  | rC-- AC+8}
  5726 | D:7      | Noticed Dowan
  5727 | D:7      | Noticed Duvessa
  5739 | D:7      | Killed Duvessa
  5741 | D:7      | Killed Dowan
  5807 | D:7      | Found Fioch's Armour Shop.
  5975 | D:7      | Reached skill level 9 in Unarmed Combat
  6182 | D:7      | Reached XP level 10. HP: 62/63 MP: 10/10
  6384 | D:8      | Reached **** piety under Dithmenos
  6577 | D:8      | Found Luok's Serpentskin Sales.
  6651 | D:8      | Reached XP level 11. HP: 74/74 MP: 11/11
  6809 | D:8      | Found a basalt altar of Yredelemnul.
  7172 | D:8      | Upgraded the game from 0.32-a0-39-g5c88369 to
                  | 0.32-a0-40-g2adb59a
  7256 | D:7      | Bought the +2 buckler of Kikubaaqudgha's Regard {rPois
                  | Will- Str+4} for 388 gold pieces
  7612 | D:9      | Found a glowing golden altar of the Shining One.
  7883 | D:10     | Entered Level 10 of the Dungeon
  8061 | D:10     | Reached ***** piety under Dithmenos
  8065 | D:10     | Identified the +1 plate armour of the Locust {rPois Dex+5}
  8092 | D:10     | Found a staircase to the Lair.
  8107 | D:10     | Reached skill level 10 in Unarmed Combat
  8242 | D:10     | Found a staircase to the Orcish Mines.
  8610 | D:11     | Reached skill level 5 in Shields
  8816 | D:11     | Noticed a manticore
  8822 | D:11     | Killed a manticore
  8973 | D:11     | Noticed Psyche
  8996 | D:11     | Reached XP level 12. HP: 73/82 MP: 12/12
  9332 | D:11     | Killed Psyche
 10035 | Orc:1    | Entered Level 1 of the Orcish Mines
 10040 | Orc:1    | Found Ziuxao Doena's Antique Weapon Emporium.
 10046 | Orc:1    | You fall into a shaft and drop 1 floor!
 10046 | Orc:2    | Entered Level 2 of the Orcish Mines
 10051 | Orc:2    | Found Fofec's Magic Scroll Boutique.
 10051 | Orc:2    | Found Qeat's Weapon Shop.
 10172 | Orc:2    | Found a staircase to the Elven Halls.
 10205 | Orc:1    | Found a dark tunnel.
 10215 | Volcano  | Entered a volcano
 10305 | Volcano  | Found a radiant altar of Vehumet.
 10319 | Volcano  | HP: 3/83 [efreet/bolt of fire (22)]
 10330 | Volcano  | Killed from afar by an efreet

Illustrated notes

Levels and vault maps discovered:
D:1:      roderic_octagonal_star, layout_basic, ebering_ecumenical_altar_ruins,
          serial_glass, glass_columns_a, glass_columns_c
D:2:      layout_basic, basic_altar, serial_bayou_pond_c, minmay_parallelograms,
          kennysheep_doodads, kennysheep_minor_cross, minmay_tripent
D:3:      layout_basic, grunt_temple_overflow_lords_of_destruction,
          kennysheep_generic_room_12
D:4:      layout_loops_ring, grunt_decor_arrowhead,
          serial_library_hellmonk_small_alcove, kennysheep_small_circle,
          uniq_grinder
D:5:      layout_basic, mainiacjoe_overflow_alcove_1, overflow_temple_1_default,
          minmay_temple_entry_grid, mainiacjoe_sewer_entry_somewhere_in_here_1,
          minmay_fractal_squares_diagonal_5, uniq_edmund, uniq_sigmund
D:6:      layout_layer_cave
D:7:      layout_rooms, serial_shops, nicolae_inconvenience_store, uniq_duvessa
D:8:      layout_loops_ring, mainiacjoe_overflow_six_doors_small,
          guppyfry_shop_venom
D:9:      layout_basic, mainiacjoe_overflow_cross_hatched
D:10:     layout_rooms, lair_entry_dummy, david_orc_2, minmay_misc_feat_tiny
D:11:     layout_layer_cave, uniq_psyche
Orc:1:    layout_diamond_mine, nicolae_volcano_entry_batcave, serial_shops,
          nicolae_shop_tiny_glass, nicolae_orc_tapped_out
Orc:2:    st_orc_mages, layout_caves, basic_altar, blackcustard_rock_pile
Volcano:  volcano_grotto [vgs_original]

Skill      XL: |  1  2  3  4  5  6  7  8  9 10 11 12 |
---------------+-------------------------------------+-----
Unarmed Combat | 4 5 6 7 9 10 | 10.9
Stealth        | 1 2 3 4 6 8 9 |  9.5
Dodging        | 3 4 7 8 |  8.2
Evocations     | 1 2 3 4 |  4.3
Fighting       | 2 3 6 7 8 |  8.2
Shapeshifting  | 4 5 7 8 |  8.7
Throwing       | 1 2 3 |  3.0
Shields        | 3 5 |  5.6

Action                     |  1- 3 |  4- 6 |  7- 9 | 10-12 || total
---------------------------+-------+-------+-------+-------++-------
  Melee: Unarmed           |    80 |   112 |   221 |   305 ||   718
         Constrict         |    18 |    19 |    45 |    43 ||   125
         Tentacles         |     7 |    18 |    57 |    70 ||   152
         Punch             |     4 |     2 |    12 |    38 ||    56
  Throw: Boomerang         |       |     6 |       |    66 ||    72
         Dart              |       |     5 |     7 |       ||    12
         Throwing net      |       |       |     1 |       ||     1
  Evoke: Wand              |       |       |     9 |    15 ||    24
    Use: Scroll            |     1 |     8 |     6 |    10 ||    25
         Potion            |       |     1 |     2 |     9 ||    12
   Stab: Sleeping          |     4 |     8 |    25 |     6 ||    43
         Held in net/web   |       |       |     2 |       ||     2
         Invisible         |       |       |     1 |       ||     1
         Distracted        |       |       |       |     1 ||     1
 Armour: Skin              |    35 |    56 |    62 |    88 ||   241
  Dodge: Dodged            |    62 |    55 |   103 |   196 ||   416
  Block: Other             |       |     1 |    23 |     9 ||    33
         Buckler           |       |       |       |   157 ||   157
         Reflection        |       |       |       |    15 ||    15

Table legend: (Time is in decaauts)
 A = Elapsed time spent in this place.
 B = Non-inter-level travel time spent in this place.
 C = Inter-level travel time spent in this place.
 D = Time resting spent in this place.
 E = Time spent auto-exploring this place.
 F = Levels seen in this place.
 G = Mean time per level.
                   A        B        C        D        E       F      G
               +--------+--------+--------+--------+--------+-----+--------+
         Total |  10224 |  10071 |    153 |     22 |   5468 |  15 |  681.6 |
       Dungeon |   9792 |   9639 |    153 |     22 |   5401 |  11 |  890.2 |
  Orcish Mines |    172 |    172 |      0 |      0 |      0 |   2 |   86.0 |
         Sewer |    157 |    157 |      0 |      0 |     67 |   1 |  157.0 |
       Volcano |    102 |    102 |      0 |      0 |      0 |   1 |  102.0 |
               +--------+--------+--------+--------+--------+-----+--------+

Top non-repeatable levels by time:
    D:11: 1478 daAuts
     D:6: 1135 daAuts
     D:4: 1088 daAuts
     D:2: 967 daAuts
     D:3: 901 daAuts
     D:8: 844 daAuts
     D:1: 787 daAuts
     D:7: 740 daAuts
    D:10: 662 daAuts
     D:5: 604 daAuts
     D:9: 582 daAuts
   Sewer: 157 daAuts
   Orc:2: 132 daAuts
 Volcano: 102 daAuts
   Orc:1: 40 daAuts
